TOP OF THE 1ST |
Montana Pandas batting - Pitching for Buckhead Bowties : RHP David Buchanan
|
Pitching: RHP David Buchanan
|
|
Batting: RHB Bernardo Herrera
|
0-0: Foul Ball, location: 2F 0-1: SINGLE (Groundball, 6MD)
|
Batting: LHB Chris McKinney
|
0-0: Ground out U3 (Groundball, 3) Bernardo Herrera to second
|
Batting: LHB Melvin Castro
|
0-0: Ball 1-0: Ball 2-0: Ball 3-0: Base on Balls
|
Batting: LHB Roberto Fierro
|
0-0: Ball 1-0: Ball 2-0: Fly out, F5 (Popup, 5DF)
|
Batting: RHB Phil Sherman
|
0-0: Ball 1-0: Ball 2-0: Foul Ball, location: 2F 2-1: Ball 3-1: Called Strike 3-2: Foul Ball, location: 2F 3-2: Ground out 1-3 (Groundball, P)
|
Top of the 1st over - 0 runs, 1 hit, 0 errors, 2 left on base; Montana 0 - Buckhead 0 |
BOTTOM OF THE 1ST |
Buckhead Bowties batting - Pitching for Montana Pandas : RHP Ryan Peterson
|
Pitching: RHP Ryan Peterson
|
|
Batting: LHB José Valéncia
|
0-0: Ball 1-0: Called Strike 1-1: SINGLE (Groundball, 34D)
|
Batting: RHB Derek Bangert
|
0-0: Ball 1-0: Foul Ball, location: 2F 1-1: Ball 2-1: Grounds into double play, 1-6-3 (Groundball, 13S)
|
Batting: SHB Seishiro Nishimura
|
0-0: Ground out 3-1 (Groundball, 34)
|
Bottom of the 1st over - 0 runs, 1 hit, 0 errors, 0 left on base; Montana 0 - Buckhead 0 |
TOP OF THE 2ND |
Montana Pandas batting - Pitching for Buckhead Bowties : RHP David Buchanan
|
Batting: SHB Terumoto Kurihara
|
0-0: Swinging Strike 0-1: Fly out, F4 (Line Drive, 4)
|
Batting: RHB Logan Namajunas
|
0-0: Ball 1-0: Foul Ball, location: 2F 1-1: Called Strike 1-2: Foul Ball, location: 2F 1-2: Strikes out looking
|
Batting: RHB Casey Cavell
|
0-0: Called Strike 0-1: Ball 1-1: Foul Ball, location: 2F 1-2: Strikes out swinging
|
Top of the 2nd over - 0 runs, 0 hits, 0 errors, 0 left on base; Montana 0 - Buckhead 0 |
BOTTOM OF THE 2ND |
Buckhead Bowties batting - Pitching for Montana Pandas : RHP Ryan Peterson
|
Batting: RHB Raúl Ruíz
|
0-0: Called Strike 0-1: Ball 1-1: Swinging Strike 1-2: Foul Ball, location: 2F 1-2: Strikes out swinging
|
Batting: RHB Todd Sentell
|
0-0: Swinging Strike 0-1: Ball 1-1: Swinging Strike 1-2: Ball 2-2: Ball 3-2: Strikes out swinging
|
Batting: RHB Gabriel Maldonado
|
0-0: Foul Ball, location: 2F 0-1: Foul Ball, location: 2F 0-2: Ball 1-2: Ground out 5-3 (Groundball, 5)
|
Bottom of the 2nd over - 0 runs, 0 hits, 0 errors, 0 left on base; Montana 0 - Buckhead 0 |
TOP OF THE 3RD |
Montana Pandas batting - Pitching for Buckhead Bowties : RHP David Buchanan
|
Batting: RHB Pau Arria
|
0-0: Called Strike 0-1: Ball 1-1: Swinging Strike 1-2: Ball 2-2: Ball 3-2: Foul Ball, location: 2F 3-2: Ground out 5-3 (Groundball, 56)
|
Batting: RHB Bernardo Herrera
|
0-0: Ball 1-0: Ground out 4-3 (Groundball, 34)
|
Batting: LHB Chris McKinney
|
0-0: Swinging Strike 0-1: Fly out, F9 (Flyball, 89M)
|
Top of the 3rd over - 0 runs, 0 hits, 0 errors, 0 left on base; Montana 0 - Buckhead 0 |
BOTTOM OF THE 3RD |
Buckhead Bowties batting - Pitching for Montana Pandas : RHP Ryan Peterson
|
Batting: RHB Mesa Altuve
|
0-0: Ball 1-0: Ball 2-0: Foul Ball, location: 2F 2-1: Called Strike 2-2: Ball 3-2: Ground out 5-3 (Groundball, 56S)
|
Batting: RHB Ricardo Cardenas
|
0-0: Ball 1-0: Foul Ball, location: 2F 1-1: Ball 2-1: Fly out, F7 (Flyball, 7LS)
|
Batting: LHB Alfred Miles
|
0-0: Foul Ball, location: 2F 0-1: Ball 1-1: Called Strike 1-2: Strikes out swinging
|
Bottom of the 3rd over - 0 runs, 0 hits, 0 errors, 0 left on base; Montana 0 - Buckhead 0 |
TOP OF THE 4TH |
Montana Pandas batting - Pitching for Buckhead Bowties : RHP David Buchanan
|
Batting: LHB Melvin Castro
|
0-0: Called Strike 0-1: Ball 1-1: Swinging Strike 1-2: Foul Ball, location: 2F 1-2: Ball 2-2: Ball 3-2: Foul Ball, location: 2F 3-2: Base on Balls
|
Batting: LHB Roberto Fierro
|
0-0: Ball 1-0: Foul Ball, location: 2F 1-1: Foul Ball, location: 2F 1-2: Foul Ball, location: 2F 1-2: Foul Ball, location: 2F 1-2: Ball 2-2: Fly out, F8 (Flyball, 8RD)
|
Batting: RHB Phil Sherman
|
0-0: Ball 1-0: Ball 2-0: Foul Ball, location: 2F 2-1: SINGLE (Line Drive, 78M) Melvin Castro to second
|
Batting: SHB Terumoto Kurihara
|
0-0: Called Strike 0-1: SINGLE (Groundball, 4MD) Melvin Castro to third Phil Sherman to second Runner from 3rd tries for Home, SAFE, throw made home
|
Batting: RHB Logan Namajunas
|
0-0: Ball 1-0: Ball 2-0: Called Strike 2-1: Foul Ball, location: 2F 2-2: Strikes out swinging
|
Batting: RHB Casey Cavell
|
0-0: Fly out, F7 (Flyball, 78M)
|
Top of the 4th over - 1 run, 2 hits, 0 errors, 2 left on base; Montana 1 - Buckhead 0 |
BOTTOM OF THE 4TH |
Buckhead Bowties batting - Pitching for Montana Pandas : RHP Ryan Peterson
|
Batting: LHB José Valéncia
|
0-0: Foul Ball, location: 2F 0-1: Ball 1-1: Ball 2-1: Fly out, F9 (Flyball, 9S)
|
Batting: RHB Derek Bangert
|
0-0: Ball 1-0: Ball 2-0: Called Strike 2-1: Ball 3-1: Called Strike 3-2: Foul Ball, location: 2F 3-2: Base on Balls
|
Batting: SHB Seishiro Nishimura
|
0-0: Ball 1-0: Ball 2-0: Ball 3-0: Fly out, F7 (Flyball, 7S)
|
Batting: RHB Raúl Ruíz
|
0-0: Ball 1-0: Ball 2-0: Ball 3-0: Called Strike 3-1: Called Strike 3-2: Strikes out swinging
|
Bottom of the 4th over - 0 runs, 0 hits, 0 errors, 1 left on base; Montana 1 - Buckhead 0 |
TOP OF THE 5TH |
Montana Pandas batting - Pitching for Buckhead Bowties : RHP David Buchanan
|
Batting: RHB Pau Arria
|
0-0: Ball 1-0: Called Strike 1-1: Ball 2-1: Ball 3-1: Called Strike 3-2: Foul Ball, location: 2F 3-2: Ground out 1-3 (Groundball, 13)
|
Batting: RHB Bernardo Herrera
|
0-0: Foul Ball, location: 2F 0-1: Ball 1-1: Called Strike 1-2: Ball 2-2: Ball 3-2: SINGLE (Line Drive, 78S)
|
Batting: LHB Chris McKinney
|
0-0: Called Strike Bernardo Herrera steals 2nd base 0-1: Ground out 4-3 (Groundball, 4) Bernardo Herrera to third
|
Batting: LHB Melvin Castro
|
0-0: Ball 1-0: Swinging Strike 1-1: Ball 2-1: Ball 3-1: Called Strike 3-2: Strikes out swinging
|
Top of the 5th over - 0 runs, 1 hit, 0 errors, 1 left on base; Montana 1 - Buckhead 0 |
BOTTOM OF THE 5TH |
Buckhead Bowties batting - Pitching for Montana Pandas : RHP Ryan Peterson
|
Batting: RHB Todd Sentell
|
0-0: Swinging Strike 0-1: Ball 1-1: Swinging Strike 1-2: Strikes out swinging
|
Batting: RHB Gabriel Maldonado
|
0-0: Ball 1-0: Ball 2-0: Ball 3-0: Called Strike 3-1: Base on Balls
|
Batting: RHB Mesa Altuve
|
0-0: SINGLE (Groundball, 6MD) Gabriel Maldonado to second
|
Batting: RHB Ricardo Cardenas
|
0-0: Foul Ball, location: 2F 0-1: Ball 1-1: Foul Ball, location: 2F 1-2: Fly out, F7 (Flyball, 7S)
|
Batting: LHB Alfred Miles
|
0-0: Called Strike 0-1: Ball 1-1: Ball 2-1: Swinging Strike 2-2: Ball 3-2: Base on Balls Gabriel Maldonado to third Mesa Altuve to second
|
Pitching: LHP Morlack Spurgeon
|
|
Batting: LHB José Valéncia
|
0-0: Swinging Strike 0-1: Called Strike 0-2: Ball 1-2: Ground out 4-3 (Groundball, 4D)
|
Bottom of the 5th over - 0 runs, 1 hit, 0 errors, 3 left on base; Montana 1 - Buckhead 0 |
TOP OF THE 6TH |
Montana Pandas batting - Pitching for Buckhead Bowties : RHP David Buchanan
|
Batting: LHB Roberto Fierro
|
0-0: Ball 1-0: Ball 2-0: Ball 3-0: Foul Ball, location: 2F 3-1: Base on Balls
|
Batting: RHB Phil Sherman
|
0-0: Called Strike 0-1: Ball 1-1: Ball 2-1: Swinging Strike 2-2: Strikes out looking
|
Batting: SHB Terumoto Kurihara
|
0-0: Ball 1-0: Foul Ball, location: 2F 1-1: Ball 2-1: Called Strike 2-2: Foul Ball, location: 2F 2-2: SINGLE (Line Drive, 4D) Roberto Fierro to second
|
Pitching: RHP Yoshii Ikeda
|
|
Batting: RHB Logan Namajunas
|
0-0: Foul Ball, location: 2F 0-1: Called Strike 0-2: Foul Ball, location: 2F 0-2: Ball 1-2: Fly out, F9 (Flyball, 9LSF)
|
Batting: RHB Casey Cavell
|
0-0: Fly out, F7 (Flyball, 7LM)
|
Top of the 6th over - 0 runs, 1 hit, 0 errors, 2 left on base; Montana 1 - Buckhead 0 |
BOTTOM OF THE 6TH |
Buckhead Bowties batting - Pitching for Montana Pandas : LHP Morlack Spurgeon
|
Batting: RHB Derek Bangert
|
0-0: Called Strike 0-1: Swinging Strike 0-2: Foul Ball, location: 2F 0-2: Strikes out swinging
|
Batting: SHB Seishiro Nishimura
|
0-0: Called Strike 0-1: Swinging Strike 0-2: Ball 1-2: Strikes out swinging
|
Batting: RHB Raúl Ruíz
|
0-0: Called Strike 0-1: Ball 1-1: SINGLE (Flyball, 78S) - OUT at second base trying to stretch hit.
|
Bottom of the 6th over - 0 runs, 1 hit, 0 errors, 0 left on base; Montana 1 - Buckhead 0 |
TOP OF THE 7TH |
Montana Pandas batting - Pitching for Buckhead Bowties : RHP Yoshii Ikeda
|
Batting: RHB Pau Arria
|
0-0: Called Strike 0-1: Ball 1-1: Ball 2-1: Ball 3-1: Base on Balls
|
Batting: RHB Bernardo Herrera
|
0-0: Bunted foul 0-1: Sac Bunt - play at first, batter OUT! 3-4 Pau Arria to second
|
Batting: LHB Chris McKinney
|
0-0: SINGLE (Line Drive, 8RS) Pau Arria to third
|
Batting: LHB Melvin Castro
|
0-0: Called Strike 0-1: Foul Ball, location: 2F 0-2: Strikes out swinging
|
Batting: LHB Roberto Fierro
|
0-0: Foul Ball, location: 2F 0-1: Foul Ball, location: 2F 0-2: Ball 1-2: Strikes out swinging
|
Top of the 7th over - 0 runs, 1 hit, 0 errors, 2 left on base; Montana 1 - Buckhead 0 |
BOTTOM OF THE 7TH |
Buckhead Bowties batting - Pitching for Montana Pandas : LHP Morlack Spurgeon
|
Batting: RHB Todd Sentell
|
0-0: Ball 1-0: Foul Ball, location: 2F 1-1: Ball 2-1: Ground out 1-3 (Groundball, P)
|
Batting: RHB Gabriel Maldonado
|
0-0: Ball 1-0: Ball 2-0: Foul Ball, location: 2F 2-1: Foul Ball, location: 2F 2-2: Ground out 5-3 (Groundball, 56S)
|
Batting: RHB Mesa Altuve
|
0-0: Foul Ball, location: 2F 0-1: Ball 1-1: Foul Ball, location: 2F 1-2: Ball 2-2: Fly out, F8 (Flyball, 8RD)
|
Bottom of the 7th over - 0 runs, 0 hits, 0 errors, 0 left on base; Montana 1 - Buckhead 0 |
TOP OF THE 8TH |
Montana Pandas batting - Pitching for Buckhead Bowties : RHP Yoshii Ikeda
|
Batting: RHB Phil Sherman
|
0-0: Ball 1-0: Ball 2-0: SOLO HOME RUN (Flyball, 7LD), Distance : 357 ft
|
Batting: SHB Terumoto Kurihara
|
0-0: Called Strike 0-1: Called Strike 0-2: Strikes out swinging
|
Batting: RHB Logan Namajunas
|
0-0: Called Strike 0-1: DOUBLE (Flyball, 8RXD)
|
Batting: RHB Casey Cavell
|
0-0: Intentional Walk
|
Pinch Hitting: RHB Armando Alvarado
|
0-0: Foul Ball, location: 2F 0-1: Ball 1-1: Ball 2-1: Ball 3-1: Foul Ball, location: 2F 3-2: Fly out, F5 (Popup, 56)
|
Pitching: RHP Jason Millward
|
|
Batting: RHB Bernardo Herrera
|
0-0: Called Strike Casey Cavell steals 2nd base Logan Namajunas to third 0-1: Foul Ball, location: 2F 0-2: Ball 1-2: Strikes out looking
|
Top of the 8th over - 1 run, 2 hits, 0 errors, 2 left on base; Montana 2 - Buckhead 0 |
BOTTOM OF THE 8TH |
Buckhead Bowties batting - Pitching for Montana Pandas : LHP Morlack Spurgeon
|
Now at SS: Armando Alvarado
|
|
Batting: RHB Ricardo Cardenas
|
0-0: Foul Ball, location: 2F 0-1: Fly out, F9 (Flyball, 89M)
|
Pitching: RHP Nelle Liefting
|
|
Batting: LHB Alfred Miles
|
0-0: Ball 1-0: Ground out U3 (Groundball, 3)
|
Batting: LHB José Valéncia
|
0-0: Called Strike 0-1: Swinging Strike 0-2: Ball 1-2: Ground out 3-1 (Groundball, 34)
|
Bottom of the 8th over - 0 runs, 0 hits, 0 errors, 0 left on base; Montana 2 - Buckhead 0 |
TOP OF THE 9TH |
Montana Pandas batting - Pitching for Buckhead Bowties : RHP Jason Millward
|
Batting: LHB Chris McKinney
|
0-0: Called Strike 0-1: Ball 1-1: Swinging Strike 1-2: SINGLE (Groundball, 4D)
|
Batting: LHB Melvin Castro
|
0-0: Ball 1-0: Ball 2-0: Called Strike 2-1: SINGLE (Line Drive, 34D) Chris McKinney to second
|
Batting: LHB Roberto Fierro
|
0-0: Ball 1-0: Called Strike 1-1: Ball 2-1: Fly out, F6 (Popup, 6M)
|
Batting: RHB Phil Sherman
|
0-0: Ball 1-0: Swinging Strike 1-1: Called Strike 1-2: Ball 2-2: Strikes out swinging
|
Batting: SHB Terumoto Kurihara
|
0-0: SINGLE (Line Drive, 6D) Chris McKinney to third Melvin Castro to second
|
Pitching: RHP Martín Aguilar
|
|
Pinch Hitting: LHB António Ramos
|
0-0: Swinging Strike 0-1: Ball Wild Pitch! Chris McKinney scores Melvin Castro to third Terumoto Kurihara to second 1-1: Ball 2-1: Swinging Strike 2-2: Foul Ball, location: 2F 2-2: Foul Ball, location: 2F 2-2: Strikes out swinging
|
Top of the 9th over - 1 run, 3 hits, 0 errors, 2 left on base; Montana 3 - Buckhead 0 |
BOTTOM OF THE 9TH |
Buckhead Bowties batting - Pitching for Montana Pandas : RHP Nelle Liefting
|
Now in RF: JoJo Victory
|
|
Batting: RHB Derek Bangert
|
0-0: Foul Ball, location: 2F 0-1: Ball 1-1: DOUBLE (Line Drive, 7D)
|
Batting: SHB Seishiro Nishimura
|
0-0: Foul Ball, location: 2F 0-1: Ball 1-1: Ball 2-1: SINGLE (Groundball, 34D) Derek Bangert to third
|
Batting: RHB Raúl Ruíz
|
0-0: Swinging Strike 0-1: 3-RUN HOME RUN (Flyball, 9LD), Distance : 359 ft
|
Pitching: RHP Francisco García
|
|
Batting: RHB Todd Sentell
|
0-0: Ball 1-0: Ground out 6-3 (Groundball, 6)
|
Batting: RHB Gabriel Maldonado
|
0-0: Ball 1-0: Called Strike 1-1: Ball 2-1: Ball 3-1: Called Strike 3-2: Base on Balls
|
Pinch Runner at 1st Jorge Díaz:
|
|
Batting: RHB Mesa Altuve
|
0-0: Ball 1-0: Foul Ball, location: 2F 1-1: Ball 2-1: Ball 3-1: Called Strike 3-2: Base on Balls Jorge Díaz to second
|
Batting: RHB Ricardo Cardenas
|
0-0: Fly out, F7 (Flyball, 7LM)
|
Batting: LHB Alfred Miles
|
0-0: Called Strike 0-1: Hit by Pitch Jorge Díaz to third Mesa Altuve to second
|
Pinch Runner at 1st Freddy Carea:
|
|
Batting: LHB José Valéncia
|
0-0: Ball 1-0: Reached on error, E3 (Groundball, 34) Jorge Díaz scores
|
Sunday, March 18th, 2018 - OOTP Baseball 18.8 Build 76
|
|